 Dungeon Crawl Stone Soup version 0.32-a0-960-g3814254bd7 (webtiles) character file.

Game seed: 8010613059181320239

58 trashops the Covered (level 3, 0/33 HPs)
             Began as a Mountain Dwarf Fighter on Apr 17, 2024.
             Slain by Terence
             ... wielding a +2 short sword of electrocution
              (16 damage)
             ... on level 2 of the Dungeon.
             The game lasted 00:01:52 (1065 turns).

trashops the Covered (Mountain Dwarf Fighter)       Turns: 1065, Time: 00:01:53

Health: 0/33       AC: 11    Str: 20    XL:     3   Next: 75%
Magic:  3/3        EV:  6    Int:  8    God:
Gold:   103        SH:  4    Dex:  9    Spells: 2/2 levels left

rFire   . . .        a - +0 war axe
rCold   + . .        c - +0 buckler
rNeg    . . .        j - +2 chain mail {rC+}
rPois   .            (no helmet)
rElec   .            (no cloak)
rCorr   .            (no gloves)
SInv    .            (no boots)
Will    .....        (no amulet) Stlth
                     (no ring)
HPRegen 0.25/turn    (no ring)
MPRegen 0.08/turn

%: no passive effects
@: no status effects
A: runic magic, artefact enchanting
a: no special abilities


You were on level 2 of the Dungeon.
You visited 1 branch of the dungeon, and saw 2 of its levels.

You collected 103 gold pieces.

Inventory:

Hand Weapons
 a - a +0 war axe (weapon)
Armour
 b - a +0 scale mail
 c - a +0 buckler (worn)
 j - a +2 chain mail of cold resistance (worn)
Jewellery
 h - a ring of protection from cold
Scrolls
 e - a scroll of vulnerability
 g - 2 scrolls of teleportation
 i - 2 scrolls of blinking
 k - a scroll of poison {unknown}
Potions
 d - 3 potions of might
 f - a potion of degeneration {unknown}


   Skills:
 * Level 3.8 Fighting
 * Level 3.5 Axes
 * Level 4.0 Armour
 + Level 3.5 Shields


You had 2 spell levels left.
You didn't know any spells.
Your spell library contained the following spells:

 Spells                   Type           Power      Damage    Failure   Level
 Sublimation of Blood     Necr           0%         N/A       80%         2
 Fugue of the Fallen      Necr           0%         N/A       95%         3
 Ozocubu's Armour         Ice            0%         N/A       95%         3
 Curse of Agony           Necr           0%         N/A       100%        5
 Manifold Assault         Tloc           0%         N/A       100%        7
 Rimeblight               Ice/Necr       0%         2d3       (prima100%   7


Dungeon Overview and Level Annotations

Branches:
Dungeon (2/15)

Altars:

Annotations:
D:2 Terence


Innate Abilities, Weirdness & Mutations

Your spellcasting is much less encumbered by armour.
You can use scrolls of enchantment on lesser artefacts.


Message History

HP restored.
Found a stone.
Found a club.
You pick up a book of Maladies and begin reading...
You add the spells Sublimation of Blood, Curse of Agony and Rimeblight to your library.
You now have 97 gold pieces (gained 9).
d - 3 potions of might (gained 1) As you open the door, it creaks loudly!
There is an open door here.
You now have 98 gold pieces (gained 1).
You see here a +2 short sword of venom.
You now have 103 gold pieces (gained 5).
Found a stone staircase leading up.
There is a stone staircase leading up here.
You see here a scarf of harm.
g - 2 scrolls of teleportation (gained 1)
k - a scroll labelled ROBLURIVIL Terence and a hobgoblin come into view.
Terence is wielding a +2 short sword of electrocution and carrying a wand of warping.
Terence zaps a wand.
Space twists violently!
The rupture engulfs you.
You blink.
Terence moves out of view.
The hobgoblin moves out of view.
Terence hits you with a +2 short sword of electrocution.
You barely miss Terence.
Terence hits you with a +2 short sword of electrocution.
You slash Terence!
Terence is moderately wounded.
Terence hits you with a +2 short sword of electrocution.
Terence shouts, "Now you die!" Terence barely misses you.
You hit Terence but do no damage.
Terence is moderately wounded.
Terence hits you but does no damage.
You barely miss Terence.
Terence is moderately wounded.
Terence hits you with a +2 short sword of electrocution.
You barely miss Terence.
Terence is moderately wounded.
Terence hits you but does no damage.
You are electrocuted!
You die...
Terence says, "That felt goooood."

~...~≈#
#######.#.#
~...~≈#
..........#
~.).~≈#
#######.###
.).).~# #.#
......# #.#
.....## #.#
##†#####
#.# #.....#
#.# #>#####
#@# #.#
.....g@.#
##.#
.########
...# #### #


You could see Terence and a hobgoblin.

Vanquished Creatures
  3 adders (D:2)
  A dart slug (D:1)
  A ribbon worm (D:2)
  2 endoplasms (D:1)
  2 giant cockroaches (D:1)
  3 hobgoblins (D:1)
  4 kobolds
  2 quokkas
  4 ball pythons
  3 goblins
  2 rats (D:1)
27 creatures vanquished.

Notes
Turn   | Place    | Note
-------+----------+-------------------------------------------
     0 | D:1      | trashops the Mountain Dwarf Fighter began the quest for the
                  | Orb.
     0 | D:1      | Reached XP level 1. HP: 19/19 MP: 1/1
   103 | D:1      | Reached XP level 2. HP: 25/26 MP: 2/2
   641 | D:2      | Reached XP level 3. HP: 17/33 MP: 3/3
   823 | D:2      | Reached skill level 4 in Armour
  1056 | D:2      | Noticed Terence
  1065 | D:2      | Slain by Terence

Illustrated notes

Levels and vault maps discovered:
D:1:      minmay_arrival_shoal_huts, layout_rooms
D:2:      minmay_kobold_bridge, layout_loops_ring, kennysheep_generic_room_16,
          uniq_terence

Skill      XL: |  1  2  3 |
---------------+----------+-----
Axes           | 3 |  3.5
Armour         | 4 |  4.0
Fighting       | |  3.8
Shields        | |  3.5

Action                     || total
---------------------------++-------
  Melee: War axe           ||    80
    Use: Scroll            ||     3
         Potion            ||     1
 Armour: Scale mail        ||    49
         Chain mail        ||    13
  Dodge: Dodged            ||    31
  Block: Buckler           ||    16

Table legend: (Time is in decaauts)
 A = Elapsed time spent in this place.
 B = Non-inter-level travel time spent in this place.
 C = Inter-level travel time spent in this place.
 D = Time resting spent in this place.
 E = Time spent auto-exploring this place.
 F = Levels seen in this place.
 G = Mean time per level.
                   A        B        C        D        E       F      G
               +--------+--------+--------+--------+--------+-----+--------+
         Total |   1098 |   1041 |     57 |     76 |    742 |   2 |  549.0 |
       Dungeon |   1098 |   1041 |     57 |     76 |    742 |   2 |  549.0 |
               +--------+--------+--------+--------+--------+-----+--------+

Top non-repeatable levels by time:
     D:2: 588 daAuts
     D:1: 509 daAuts
